 Dungeon Crawl Stone Soup version 0.31.0-1-g2c135a008e (webtiles) character file.

Game seed: 9127517734383763970

69 qw the Shooter (level 4, -2/35 HPs)
             Began as a Djinni Hunter on Jan 23, 2024.
             Slain by Natasha (7 damage)
             ... on level 2 of the Dungeon.
             The game lasted 00:00:04 (916 turns).

qw the Shooter (Djinni Hunter)                       Turns: 916, Time: 00:00:04

Health: -2/35      AC:  3    Str: 10    XL:     4   Next: 42%
Gold:   64         EV: 17    Int: 10    God:
                   SH:  0    Dex: 19

rFire   + + .        a - +0 shortbow
rCold   x . .        (shield currently unavailable)
rNeg    . . .        c - +0 leather armour
rPois   inf          (no helmet)
rElec   .            (no cloak)
rCorr   .            (no gloves)
SInv    .            (boots unavailable)
Will    .....        (no amulet)
Stlth   ++           e - +5 ring of evasion
HPRegen 0.25/turn    (no ring)
MPRegen 0.00/turn

%: infuse magic (-3 HP)
@: flying
A: sickness immunity, fire resistance 2, cold vulnerability 1, float, innate
caster, HP casting, extra vitality 1
a: no special abilities


You were on level 2 of the Dungeon.
You visited 1 branch of the dungeon, and saw 2 of its levels.

You collected 64 gold pieces.


Innate Abilities, Weirdness & Mutations

You are immune to sickness and miasma.
You are immune to poison.
Your flesh is very heat resistant. (rF++)
You are vulnerable to cold. (rC-)
You float through the air rather than walking.
You learn spells naturally, not from books.
Your magical power is your life essence.
You have superior vitality. (+4 MHP)


   Skills:
 - Level 3.4 Fighting
 - Level 4.0 Ranged Weapons
 + Level 2.2 Dodging
 - Level 0.7 Stealth


You knew the following spells:

 Your Spells              Type           Power      Damage    Failure   Level
a - Sting                 Conj/Alch      0%         1d3       45%         1
Your spell library was empty.

Inventory:

Hand Weapons
 a - a +0 shortbow (weapon)
Armour
 b - a +0 ring mail
 c - a +0 leather armour (worn)
Jewellery
 e - a +5 ring of evasion (left hand)

Dungeon Overview and Level Annotations

Branches:
Dungeon (2/15)

Altars:

Annotations:
D:2 Natasha


Message History

Natasha closely misses you.
You shoot an arrow.
The arrow hits Natasha but does no damage.
Natasha mumbles some strange words.
You shoot an arrow. The arrow closely misses Natasha.
Natasha casts a spell.
Enter note: You shoot an arrow.
The arrow hits Natasha.
Natasha is lightly wounded.
Natasha claws you. The cerulean imp barely misses you.
You shoot an arrow. The arrow hits Natasha.
Natasha is moderately wounded.
Natasha claws you.
The cerulean imp hits you from afar with a +2 spear.
The cerulean imp hits you from afar with a +1 spear.
Natasha closely misses you.
The cerulean imp hits you from afar with a +2 spear.
You shoot an arrow. The arrow hits Natasha!
Natasha is almost dead.
The cerulean imp barely misses you. Natasha closely misses you.
The cerulean imp hits you from afar with a +2 spear.
The cerulean imp closely misses you.
You shoot an arrow.
The arrow hits Natasha but does no damage.
Natasha is almost dead.
Natasha claws you. The cerulean imp misses you.
The cerulean imp barely misses you.
You shoot an arrow. The arrow closely misses Natasha.
The arrow hits the cerulean imp.
The cerulean imp is moderately wounded.
Natasha barely misses you. The cerulean imp barely misses you. x2
Natasha casts a spell at you. The magic dart hits you.
You shoot an arrow. The arrow hits Natasha.
Natasha is almost dead.
The cerulean imp hits you from afar with a +2 spear.
The cerulean imp hits you from afar with a +1 spear.
Natasha claws you!
You die...
Natasha curls up and begins to purr.

#. >. .##. ...### #.
....# #. .... #. ## #.
55# ..
.....##.####h####... #
#.#........#@.......
#.###...................
.. .................##..
## #...#####.####.....
.. #...# ##...........
## #...####...###......
# #.........## #####
#...##..###
#####...#..##


You could see Natasha and 2 cerulean imps.

Vanquished Creatures
  A bombardier beetle (D:2)
  3 bats (D:1)
  3 endoplasms
  2 giant cockroaches (D:1)
  3 goblins (D:1)
  5 hobgoblins
  4 jackals (D:1)
  4 ball pythons
  5 frilled lizards
  5 kobolds (D:1)
  3 rats (D:1)
38 creatures vanquished.

Notes
Turn   | Place    | Note
-------+----------+-------------------------------------------
     0 | D:1      | qw the Djinni Hunter began the quest for the Orb.
     0 | D:1      | Reached XP level 1. HP: 18/18 MP: 0/0
     0 | D:1      | 0 ||| qw: Version: 0.3-a-135-gb77e89d
     0 | D:1      | 0 ||| qw: Game counter: 815
     0 | D:1      | 0 ||| qw: Melee chars always use a shield: true
     0 | D:1      | 0 ||| qw: God list: Okawaru
     0 | D:1      | 0 ||| qw: Allow faded altars: false
     0 | D:1      | 0 ||| qw: Do Orc after clearing Dungeon:15 true
     0 | D:1      | 0 ||| qw: Do second Lair branch before Depths: true
     0 | D:1      | 0 ||| qw: Lair rune preference: random
     0 | D:1      | 0 ||| qw: Goals: Normal
     0 | D:1      | 0 ||| PLANNING D:1-11
    73 | D:1      | 73 ||| RETREEEEATING.
    76 | D:1      | Reached XP level 2. HP: 19/23 MP: 0/0
   228 | D:1      | Reached XP level 3. HP: 28/28 MP: 0/0
   228 | D:1      | Learned a level 1 spell: Sting
   234 | D:1      | Reached skill level 4 in Ranged Weapons
   617 | D:1      | 617 ||| UPGRADING to +5 ring of evasion.
   618 | D:1      | 618 ||| READING scroll labelled NUOLUM WIBB.
   719 | D:1      | 719 ||| DRINKING 2 smoky emerald potions.
   774 | D:1      | 774 ||| DROPPING scroll of butterflies.
   775 | D:1      | 775 ||| DROPPING potion of lignification.
   819 | D:2      | Reached skill level 3 in Fighting
   819 | D:2      | Reached XP level 4. HP: 33/35 MP: 0/0
   907 | D:2      | Noticed Natasha
   915 | D:2      | HP: 7/35 [Natasha/magic dart (6)]
   916 | D:2      | Slain by Natasha

Levels and vault maps discovered:
D:1:      nagdon_arrival_zigzag_paths, layout_basic
D:2:      layout_rooms, roderic_nine_men_s_morris, uniq_natasha

Skill      XL: |  1  2  3 |
---------------+----------+-----
Ranged Weapons | 4 |  4.0
Fighting       | 3 |  3.4
Dodging        | |  2.2
Stealth        | |  0.7

Action                     |  1- 3 |  4- 6 || total
---------------------------+-------+-------++-------
   Fire: Shortbow          |    79 |    10 ||    89
    Use: Scroll            |     1 |       ||     1
         Potion            |     1 |       ||     1
 Armour: Leather armour    |    14 |    11 ||    25
  Dodge: Dodged            |    18 |    11 ||    29

Table legend:
 A = Non-vault XP
 B = Vault XP
 C = Vault XP percentage of total XP
 D = Non-vault monster count
 E = Vault monster count
 F = Vault count percentage of total count
                 A         B        C        D         E       F
            +---------+---------+-------+---------+---------+-------
      Total |      99 |       0 |   0.0 |      38 |       0 |   0.0
            +---------+---------+-------+---------+---------+-------
        D:1 |      51 |       0 |   0.0 |      33 |       0 |   0.0
        D:2 |      48 |       0 |   0.0 |       5 |       0 |   0.0
            +---------+---------+-------+---------+---------+-------
